 Dungeon Crawl Stone Soup version 0.21.1-1-g345015fe64 (webtiles) character file.

168906 Gargoyl the Distorting Centaur (level 17, 0/144 HPs)
             Began as a Centaur Abyssal Knight on May 31, 2018.
             Was a Believer of Lugonu.
             Drowned by a drowned soul (9 damage)
             ... summoned by a merfolk avatar
             ... on level 4 of the Shoals.
             The game lasted 01:25:32 (35763 turns).

Gargoyl the Distorting Centaur (CeAK)              Turns: 35763, Time: 01:25:34

Health: 0/144      AC: 35    Str: 19    XL:     17   Next: 34%
Magic:  35/37      EV:  4    Int: 16    God:    Lugonu [**....]
Gold:   1222       SH: 20    Dex: 15    Spells: 16/16 levels left

rFire    + . .     SeeInvis .   n - +9 hand axe (vamp)
rCold    + . .     Gourm    .   y - +2 shield of Resistance {rF+ rC+ MR+}
rNeg     + + +     Faith    .   w - +0 plate armour
rPois    .         Spirit   .   O - +2 helmet {Int+3}
rElec    .         Reflect  +   x - +0 cloak
rCorr    .         Harm     .   R - +2 pair of gloves
MR       ++...     Clarity  +   L - +4 centaur barding {Stlth+}
Stlth    ..........             H - +5 amulet of reflection
HPRegen  0.34/turn              f - ring of Ephemeral Luck {*Drain rN+++ MP+9 Dex+3 Stlth+}
MPRegen  0.25/turn              z - +3 ring of protection

@: very slow
A: large, hooves 3, clarity, clever 1, deformed body, speed 2, tough skin 3,
subdued magic 1
a: Depart the Abyss, Bend Space, Renounce Religion


You were on level 4 of the Shoals.
You worshipped Lugonu.
Lugonu was pleased with you.
You were very hungry.

You visited 4 branches of the dungeon, and saw 27 of its levels.
You visited the Abyss 4 times.

You collected 2326 gold pieces.
You spent 1104 gold pieces at shops.

Inventory:

Hand Weapons
 a - a +4 broad axe of distortion
 k - a +2 hand axe of flaming
 n - a +9 vampiric hand axe (weapon)
 J - a +4 war axe
Missiles
 C - 55 tomahawks (quivered)
 S - 6 javelins of returning
Armour
 w - a +0 plate armour (worn)
 x - a +0 cloak (worn)
 y - the +2 shield of Resistance (worn) {rF+ rC+ MR+}
   (You took it off Donald on level 4 of the Shoals)

   It protects you from fire.
   It protects you from cold.
   It affects your resistance to hostile enchantments.
 L - a +4 centaur barding of stealth (worn)
 O - a +2 helmet of intelligence (worn)
 R - a +2 pair of gloves (worn)
Jewellery
 d - an uncursed ring of protection from fire
 f - the ring of Ephemeral Luck (left hand) {*Drain rN+++ MP+9 Dex+3 Stlth+}
   (You found it on level 6 of the Lair of Beasts)

   [ring of dexterity]

   It affects your dexterity (+3).
   It renders you almost immune to negative energy.
   It affects your magic capacity (+9).
   It causes draining when unequipped.
   It makes you more stealthy.
 z - a +3 ring of protection (right hand)
 H - a +5 amulet of reflection (around neck)
Scrolls
 e - 10 scrolls of identify
 j - 20 scrolls of remove curse
 m - a scroll of blinking
 p - 3 scrolls of magic mapping
 q - 4 scrolls of fog
 s - 8 scrolls of teleportation
 T - 3 scrolls of holy word
Potions
 g - 3 potions of might
 l - 5 potions of brilliance
 r - 5 potions of flight
 t - 4 potions of agility
 u - 2 potions of berserk rage
 v - 3 potions of haste
 A - a potion of invisibility
 Q - 4 potions of curing
 V - 2 potions of magic
Comestibles
 c - 46 rations


   Skills:
 + Level 11.2 Fighting
 + Level 14.1 Axes
 + Level 0.7 Throwing
 * Level 11.8 Armour
 + Level 2.8 Dodging
 + Level 12.0 Shields
 * Level 15.0 Invocations
   Level 0.4 Evocations


You had 16 spell levels left.
You didn't know any spells.

Dungeon Overview and Level Annotations

Branches:
Dungeon (15/15)            Temple (0/1) D:7            Lair (6/6) D:9
 Shoals (4/4) Lair:2        Snake (0/4) Lair:3        Slime (0/5) Lair:5
    Orc (2/2) D:9             Elf (0/3) Orc:2        Vaults (0/5) D:13
 Depths (0/5) D:15

Altars:
Ashenzari
Cheibriados
Gozag
Hepliaklqana
Nemelex Xobeh
Trog
Xom
Beogh

Shops:
D:4 ?   D:8 :   D:10 *   Orc:2 (}?:   Shoals:3 }

Portals:
Trove: D:11 (give 8 potions of haste)

Annotations:
Shoals:3 exclusion: Roxanne, Mara, Roxanne
Abyss:1 Ilsuiw, Louise, Nikola


Innate Abilities, Weirdness & Mutations

You have hooves in place of feet.
Armour fits poorly on your strangely shaped body.
You cover ground very quickly.
You have extremely tough skin. (AC +3)
You possess an exceptional clarity of mind.
Your mind is acute. (Int +2)
Your spells are a little easier to cast, but a little less powerful.


Message History

The merfolk avatar is severely wounded.
You barely miss the drowned soul. The drowned soul touches you.
The drowned soul drowns you!
* * * LOW HITPOINT WARNING * * *
Unknown command.
You feel better.
Okay, then.
Unknown command.
You slash the merfolk avatar! You kick the merfolk avatar.
The merfolk avatar is almost dead.
You barely miss the merfolk avatar.
The merfolk avatar is almost dead.
You hit the merfolk avatar.
The merfolk avatar is almost dead.
You hit the drowned soul. You completely miss the drowned soul.
You closely miss the drowned soul. The drowned soul touches you.
The drowned soul drowns you!
* * * LOW HITPOINT WARNING * * *
The drowned soul touches you. The drowned soul drowns you!
You die...

## .#.
##≈$≈≈≈≈≈≈.....÷[.).P..P #
##≈≈≈≈≈≈≈≈.....).<..PP.P #
#≈≈≈≈≈≈≈≈≈...........PP.
#≈≈≈≈≈≈≈≈≈≈..(......≈≈≈P.
≈≈≈≈≈≈≈≈≈≈≈≈.($.....≈≈≈≈P[
≈≈≈≈≈≈≈≈≈≈≈≈........≈≈≈≈P.
≈≈≈≈≈≈≈≈≈≈≈)......≈≈≈≈≈P≈
≈≈≈W≈≈≈≈≈≈≈≈≈≈≈≈)≈≈≈≈≈≈≈
≈≈≈≈≈≈≈@≈≈≈≈≈≈≈≈≈≈≈≈≈≈≈≈
≈≈≈≈≈≈Wm≈≈≈≈≈≈≈≈≈≈≈≈≈≈≈≈
≈≈≈≈≈≈≈≈≈)≈≈≈≈≈≈≈≈≈≈≈≈≈≈
≈≈≈≈W≈≈≈≈≈≈≈≈≈≈≈≈≈≈≈≈≈≈≈
≈≈≈≈≈≈≈≈≈≈≈≈≈≈≈≈≈≈≈≈≈≈≈≈
≈≈≈≈≈≈≈≈≈≈≈≈≈≈≈≈≈≈≈≈≈≈≈≈
≈≈≈≈≈≈≈≈≈≈≈≈≈≈≈≈≈≈≈≈≈≈≈≈
≈≈≈≈≈≈≈≈≈≈≈≈≈≈≈≈≈≈≈≈≈≈≈≈
≈≈≈≈≈≈≈≈≈≈≈≈≈≈≈≈≈≈≈


You could see a merfolk avatar and 3 drowned souls.

Vanquished Creatures
  Saint Roka (Orc:2)
  Rupert (D:12)
  Gastronok (Lair:3)
  Polyphemus (Shoals:1)
  Donald (Shoals:4)
  A yaktaur captain (D:15)
  5 merfolk impalers
  A merfolk javelineer (Shoals:4)
  A fire dragon (D:15)
  The ghost of matti1234 the Blocker, a journeyman FoAM of Ru (D:12)
  Erolcha (D:9)
  2 catoblepae
  13 two-headed ogres
  3 merfolk avatars (Shoals:4)
  5 merfolk aquamancers
  2 death yaks (Shoals:1)
  2 tengu warriors (D:13)
  An ogre mage (D:13)
  10 centaur warriors
  4 orc high priests (Orc:2)
  A queen ant (Lair:3)
  Urug (D:10)
  5 sea snakes
  A skeletal warrior (D:15)
  2 unseen horrors
  A glowing orange brain (D:15)
  Pikel (D:7)
  A necromancer (D:13)
  A deep elf mage (D:15)
  16 harpies
  8 ugly things
  4 orc knights
  4 orc sorcerers (Orc:2)
  15 manticores
  2 moths of wrath (shapeshifter) (D:15)
  10 cyclopes
  Maurice (D:8)
  4 black mambas
  11 fauns
  14 elephants
  5 water nymphs
  13 spiny frogs
  5 merfolk sirens
  2 kobold demonologists (D:15)
  6 rime drakes
  12 komodo dragons
  2 komodo dragons (shapeshifter) (D:15)
  A jumping spider (shapeshifter) (D:14)
  3 meliai
  4 polar bears
  17 merfolk
  6 trolls
  A hornet (shapeshifter) (D:15)
  2 hornets (Lair:6)
  A queen bee (Lair:4)
  4 slime creatures
  14 hippogriffs
  A wind drake (Shoals:3)
  16 dream sheep
  Prince Ribbit (D:7)
  6 snapping turtles
  16 blink frogs
  3 shadows
  8 wyverns
  A centaur simulacrum (D:14)
  71 yaks
  A large abomination (Abyss:2)
  A redback (D:15)
  A spriggan (D:9)
  9 water elementals
  A vampire (D:14)
  16 humans (D:13)
  5 basilisks
  Grum (D:8)
  2 steam dragons (D:9)
  A neqoxec (Abyss:2)
  3 hungry ghosts
  5 vampire mosquitoes
  7 wargs
  2 acid dragons
  A small abomination (Abyss:2)
  23 soldier ants
  16 water moccasins
  8 porcupines
  4 sky beasts
  39 orc warriors
  2 ice beasts
  2 slaves (D:7)
  3 black bears
  A necrophage (D:8)
  3 phantoms
  2 eyes of draining
  An eye of draining (shapeshifter) (D:15)
  4 wolves (D:8)
  17 centaurs
  27 ogres
  11 crocodiles
  A big kobold (D:10)
  16 bullfrogs
  2 scorpions (D:6)
  2 wyvern skeletons
  23 killer bees
  23 wights
  4 howler monkeys
  2 vampire bats (Lair:6)
  7 crimson imps
  A bullfrog zombie (D:12)
  2 centaur zombies
  4 hounds
  7 jellies
  8 centaur skeletons
  31 orc priests
  27 orc wizards
  2 iguanas
  26 worker ants
  A hound zombie (D:8)
  2 howler monkey zombies
  A worker ant zombie (D:10)
  14 adders
  8 gnolls
  4 shadow imps
  An adder zombie (D:5)
  An ooze (D:4)
  An adder skeleton (D:7)
  4 worms
  A dart slug (D:3)
  2 leopard geckos
  125 orcs
  6 giant cockroaches
  5 goblins
  8 hobgoblins
  2 jackals (D:3)
  2 quokkas
  A ball python (D:6)
  A ball python skeleton (D:5)
  8 bats
  7 frilled lizards
  18 kobolds
  5 rats
  8 fungi
  11 plants
1035 creatures vanquished.

Vanquished Creatures (others)
  Nessos (D:13)
  3 merfolk javelineers (Shoals:4)
  6 hydras
  A two-headed ogre (D:14)
  A satyr (Shoals:3)
  A sea snake (Lair:6)
  An unseen horror (D:15)
  A harpy (Shoals:4)
  A cyclops (D:12)
  A komodo dragon (Lair:6)
  5 centaurs
  A bullfrog skeleton (D:5)
  A hound (D:5)
  2 orcs
  31 fungi
  A lurking horror (Abyss:2)
  35 plants
93 creatures vanquished.

Grand Total: 1128 creatures vanquished

Notes
Turn   | Place    | Note
-------+----------+-------------------------------------------
     0 | Abyss:1  | Gargoyl the Centaur Abyssal Knight began the quest for the Orb.
     0 | Abyss:1  | Reached XP level 1. HP: 19/19 MP: 2/2
    88 | Abyss:3  | Noticed a raiju
    89 | D:1      | Escaped the Abyss
   362 | D:1      | Reached XP level 2. HP: 20/26 MP: 3/3
   363 | D:1      | Reached * piety under Lugonu
  1075 | D:2      | Reached XP level 3. HP: 22/31 MP: 4/4
  1605 | D:2      | Found a sparkling altar of Nemelex Xobeh.
  2727 | D:4      | Reached skill level 1 in Dodging
  2727 | D:4      | Reached XP level 4. HP: 39/40 MP: 5/5
  2758 | D:4      | Found a shimmering altar of Xom.
  2760 | D:4      | Found a shimmering altar of Xom.
  2962 | D:4      | Found a shimmering altar of Xom.
  2962 | D:4      | Found a shimmering altar of Xom.
  3008 | D:4      | Reached ** piety under Lugonu
  3012 | D:4      | Reached XP level 5. HP: 45/46 MP: 5/7
  3040 | D:4      | Reached skill level 1 in Shields
  3325 | D:4      | Found Nije's Magic Scroll Shop.
  3336 | D:4      | Bought a scroll of enchant weapon for 105 gold pieces
  3481 | D:5      | Entered Level 5 of the Dungeon
  3486 | D:5      | Found an opulent altar of Gozag.
  3522 | D:5      | Reached skill level 3 in Invocations
  3562 | D:5      | Noticed an ogre
  3594 | D:5      | Killed an ogre
  3594 | D:5      | Reached XP level 6. HP: 16/52 MP: 8/8
  4044 | D:5      | Reached XP level 7. HP: 27/59 MP: 9/9
  4321 | D:5      | Found a hazy altar of Hepliaklqana.
  4451 | D:5      | Reached skill level 4 in Invocations
  4697 | D:6      | Reached XP level 8. HP: 54/67 MP: 11/11
  4976 | D:6      | Found a shattered altar of Ashenzari.
  5027 | D:6      | Reached *** piety under Lugonu
  5477 | D:7      | Noticed a hippogriff
  5497 | D:6      | Reached skill level 5 in Axes
  5500 | D:6      | Killed a hippogriff
  5500 | D:6      | Reached skill level 5 in Invocations
  5602 | D:7      | Reached skill level 5 in Fighting
  5650 | D:7      | Noticed Prince Ribbit
  5654 | D:7      | Noticed Pikel
  5688 | D:7      | Killed Pikel
  5688 | D:7      | Reached XP level 9. HP: 71/74 MP: 13/13
  5698 | D:7      | Killed Prince Ribbit
  5698 | D:7      | Reached skill level 6 in Invocations
  5852 | D:7      | Reached skill level 5 in Armour
  6009 | D:7      | Found a staircase to the Ecumenical Temple.
  6287 | D:8      | Noticed a two-headed ogre
  6302 | D:8      | Killed a two-headed ogre
  6302 | D:8      | Reached XP level 10. HP: 51/83 MP: 13/15
  6463 | D:8      | Found Rizxuj's Book Shop.
  6465 | D:8      | Noticed Maurice
  6472 | D:8      | Paralysed by something for 2 turns
  6486 | D:8      | Killed Maurice
  6896 | D:8      | Reached **** piety under Lugonu
  7010 | D:8      | Reached skill level 5 in Shields
  7145 | D:8      | Noticed Grum
  7155 | D:8      | Reached skill level 7 in Invocations
  7177 | D:8      | Killed Grum
  7738 | D:9      | Found a staircase to the Lair.
  8300 | D:9      | Found a roughly hewn altar of Beogh.
  8300 | D:9      | Found a staircase to the Orcish Mines.
  8703 | D:9      | Reached ***** piety under Lugonu
  8726 | D:9      | Reached XP level 11. HP: 75/89 MP: 16/16
  9248 | D:9      | Noticed Erolcha
  9270 | D:9      | Killed Erolcha
  9270 | D:9      | Reached skill level 8 in Invocations
  9530 | Lair:1   | Entered Level 1 of the Lair of Beasts
 10984 | Lair:2   | Found a staircase to the Shoals.
 11236 | Lair:1   | Reached skill level 9 in Invocations
 11304 | Lair:1   | Reached XP level 12. HP: 85/100 MP: 18/18
 11896 | Lair:2   | Noticed a seven-headed hydra
 11900 | Lair:2   | Banished a seven-headed hydra
 12218 | Lair:3   | Gained mutation: You possess an exceptional clarity of mind. [potion of mutation]
 12218 | Lair:3   | Gained mutation: Your spells are a little easier to cast, but a little less powerful. [potion of mutation]
 12218 | Lair:3   | Gained mutation: Your mind is acute. (Int +2) [potion of mutation]
 12236 | Lair:3   | Reached skill level 10 in Axes
 12241 | Lair:3   | Found a staircase to the Snake Pit.
 12257 | Lair:3   | Noticed a seven-headed hydra
 12260 | Lair:3   | Banished a seven-headed hydra
 12392 | Lair:3   | Noticed Gastronok
 12420 | Lair:3   | Killed Gastronok
 12458 | Lair:3   | Reached skill level 10 in Invocations
 12833 | Lair:3   | Noticed a queen ant
 12872 | Lair:3   | Killed a queen ant
 12873 | Lair:3   | Noticed a five-headed hydra
 12898 | Lair:3   | Banished a six-headed hydra
 13047 | Lair:3   | Got an ichor-stained scale mail
 13058 | Lair:3   | Identified the cursed +1 scale mail of Incorporation {Dex+4} (You found it on level 3 of the Lair of Beasts)
 13720 | Lair:4   | Identified a scroll of acquirement
 13755 | Lair:4   | Reached XP level 13. HP: 107/107 MP: 21/21
 14016 | Lair:4   | Reached skill level 11 in Invocations
 15134 | Lair:4   | Reached ****** piety under Lugonu
 16206 | Lair:5   | Found a staircase to the Slime Pits.
 16625 | Lair:6   | Entered Level 6 of the Lair of Beasts
 17105 | Lair:6   | Reached XP level 14. HP: 25/116 MP: 22/22
 18238 | Lair:6   | Reached skill level 12 in Invocations
 18283 | Lair:6   | Got a crude steel ring
 19073 | Lair:6   | Identified the ring of Ephemeral Luck {*Drain rN+++ MP+9 Dex+3 Stlth+} (You found it on level 6 of the Lair of Beasts)
 19205 | D:10     | Entered Level 10 of the Dungeon
 19295 | D:10     | Found a bloodstained altar of Trog.
 19481 | D:10     | Noticed Urug
 19498 | D:10     | Killed Urug
 19744 | D:10     | Found Ynkagan's General Store.
 20569 | D:11     | Found a portal to a secret trove of treasure.
 21443 | D:12     | Noticed matti1234's ghost (journeyman FoAM)
 21472 | D:12     | Killed matti1234's ghost
 21507 | D:12     | Found a snail-covered altar of Cheibriados.
 21550 | D:12     | Noticed Rupert
 21601 | D:12     | Killed Rupert
 22114 | D:13     | Reached skill level 10 in Armour
 22142 | D:13     | Reached XP level 15. HP: 116/125 MP: 24/24
 22276 | D:13     | Reached skill level 10 in Shields
 22506 | D:13     | Noticed Nessos
 22507 | D:13     | Found a gate to the Vaults.
 22556 | D:13     | Reached skill level 13 in Invocations
 22582 | D:13     | Killed Nessos
 23866 | D:14     | Noticed Louise
 24279 | D:14     | Cast into level 2 of the Abyss (Louise)
 24368 | D:14     | Escaped the Abyss
 24700 | D:14     | Banished Louise
 25792 | D:14     | Reached skill level 10 in Fighting
 25886 | D:15     | Entered Level 15 of the Dungeon
 26173 | D:15     | Found a staircase to the Depths.
 27104 | Shoals:1 | Entered Level 1 of the Shoals
 27125 | Shoals:1 | Identified the Catalogue of the Warped Birds
 27281 | Shoals:1 | Reached XP level 16. HP: 123/134 MP: 26/26
 27733 | Shoals:2 | Noticed Polyphemus
 27770 | Shoals:1 | Killed Polyphemus
 28243 | Shoals:2 | Reached skill level 14 in Invocations
 28945 | Orc:1    | Entered Level 1 of the Orcish Mines
 29341 | Orc:2    | Entered Level 2 of the Orcish Mines
 29844 | Orc:2    | Found a staircase to the Elven Halls.
 30222 | Orc:2    | Found a roughly hewn altar of Beogh.
 30222 | Orc:2    | Noticed Saint Roka
 30736 | Orc:2    | Found a roughly hewn altar of Beogh.
 31270 | Orc:2    | Found Vori's Gadget Emporium.
 31297 | Orc:2    | Found Musi's Weapon Shoppe.
 31403 | Orc:2    | Paralysed by an orc sorcerer for 5 turns
 31433 | Orc:2    | Bought a +3 broad axe of distortion for 351 gold pieces
 31616 | Orc:2    | Killed Saint Roka
 31906 | Orc:2    | Found Bykiesav's Book Shoppe.
 32077 | Orc:2    | Found Fuowumuv's Magic Scroll Boutique.
 32117 | Orc:2    | Bought a scroll of enchant armour for 120 gold pieces
 32117 | Orc:2    | Bought a scroll of enchant armour for 120 gold pieces
 32117 | Orc:2    | Bought a scroll of holy word for 120 gold pieces
 32117 | Orc:2    | Bought a scroll of blinking for 120 gold pieces
 32117 | Orc:2    | Bought a scroll of teleportation for 48 gold pieces
 32117 | Orc:2    | Bought a scroll of blinking for 120 gold pieces
 33316 | Shoals:3 | Found Ideyx's Gadget Shoppe.
 33504 | Shoals:3 | Noticed Roxanne
 33834 | Shoals:4 | Entered Level 4 of the Shoals
 33834 | Shoals:4 | Noticed Donald
 33881 | Shoals:4 | Killed Donald
 34151 | Shoals:4 | Reached XP level 17. HP: 144/144 MP: 27/27
 34360 | Shoals:4 | Noticed Nikola
 34361 | Shoals:4 | Noticed Mara
 34427 | Shoals:4 | Banished Nikola
 34546 | Shoals:4 | Escaped the Abyss
 35308 | Shoals:3 | Noticed Gargoyl's illusion
 35371 | Shoals:4 | Noticed Ilsuiw
 35625 | Shoals:4 | Escaped the Abyss
 35626 | Shoals:4 | Banished Ilsuiw
 35700 | Shoals:4 | Reached skill level 15 in Invocations
 35759 | Shoals:4 | HP: 7/144 [drowned by a drowned soul[a merfolk avatar] (17)]
 35763 | Shoals:4 | Drowned by a drowned soul

Skill      XL: |  1  2  3  4  5  6  7  8  9 10 11 12 13 14 15 16 17 |
---------------+----------------------------------------------------+-----
Axes           | 2 3 4 6 7 8 9 10 11 12 13 14 | 14.1
Armour         | 2 3 4 5 6 7 8 9 10 11 | 11.8
Dodging        | 1 2 |  2.8
Shields        | 1 2 3 4 5 6 7 8 9 10 11 12 | 12.0
Invocations    | 3 4 5 6 7 9 10 11 12 13 14 15 | 15.0
Fighting       | 4 5 6 7 8 9 10 11 | 11.2
Throwing       | |  0.7
Evocations     | |  0.4

Action                   |  1- 3 |  4- 6 |  7- 9 | 10-12 | 13-15 | 16-18 || total
-------------------------+-------+-------+-------+-------+-------+-------++-------
Melee: Hand axe          |   134 |   121 |   281 |  1094 |  1932 |  1415 ||  4977
       Kick              |    16 |    25 |    84 |   303 |   686 |   513 ||  1627
Throw: Tomahawk          |       |       |       |     3 |       |       ||     3
Invok: Depart the Abyss  |     1 |       |       |       |     1 |     2 ||     4
       Bend Space        |       |       |       |     1 |     1 |     2 ||     4
       Banish            |       |       |       |     5 |    12 |    10 ||    27
       Enter the Abyss   |       |       |       |       |       |     2 ||     2
Evoke: Wand              |       |       |     6 |       |       |     3 ||     9
  Use: Scroll            |     5 |     3 |     4 |    20 |    18 |    16 ||    66
       Potion            |       |       |       |     3 |     3 |    11 ||    17
 Stab: Invisible         |       |       |       |       |       |     5 ||     5
  Eat: Chunk             |     3 |     2 |     2 |     9 |     8 |     9 ||    33
       Ration            |     2 |       |     1 |     7 |    11 |     5 ||    26
Armor: Leather armour    |    14 |       |       |       |       |       ||    14
       Ring mail         |    51 |    65 |    44 |       |       |       ||   160
       Plate armour      |       |       |   260 |   743 |   987 |   550 ||  2540
Dodge: Dodged            |    37 |     9 |    11 |    23 |    40 |    69 ||   189
Block: Large shield      |    40 |    78 |   257 |  1091 |  1729 |   815 ||  4010
       Reflection        |       |       |       |     4 |    78 |    71 ||   153
       Shield            |       |       |       |       |       |   375 ||   375
